cohdb
Replays
Latest Replays
All Replays
Popular Replays
Top Player Replays
Match Explorer
How It Works
Community
CoH3 Stats
Reddit
Sign in to upload your games and track your stats! →
Sign in with Steam
Match 45177765
Unlisted
Match 45177765
Overview
Messages
Build Orders
End
Kradschützen Motorcycle Team
Panzergrenadier Squad
250 Light Carrier
Construct Light Support Kompanie
Selects Panzerjäger Kommand Battlegroup
Selects Mine Fields
Panzerjäger Squad
Selects GrB 39 Grenade Launcher Requisition
Fire Support Elements
Combat Half-tracks
Flakvierling Half-track
Vehicle Survival Package
Construct Panzerarmee Kommand
Selects Defensive Positions
le.IG 18 Mechanized Group
Forward Retreat Point
2.5-tonne Medical Truck
Walking Stuka Rocket Launcher
Selects Butterfly Bomb Drop
Butterfly Bomb Drop
Panzer III L Medium Tank
Grimauldus
THA DON MEGA
1q2w3e4r
rafikos
JoSemSem
PayPerPaper
CHOcho
WFantasy
0
0
Comments
sign in to comment!
No comments posted yet!